PAA
HELENA GRIZZLIES @ MYRTLE BEACH MERMEN
09/02/2023
 
TOP OF THE 1ST
Helena Grizzlies batting - Pitching for Myrtle Beach Mermen : RHP Manuel Carrión
Pitching: RHP Manuel Carrión
Batting: LHB Tom Cotton 0-0: Called Strike
0-1: Fly out, F8 (Flyball, 8LM)
Batting: RHB Miguel Rosales 0-0: Ground out 6-3 (Groundball, 6)
Batting: LHB Miguel Zúńiga 0-0: Ground out 3-1 (Groundball, 34)
Top of the 1st over - 0 run(s), 0 hit(s), 0 error(s), 0 left on base; Helena 0 - Myrtle Beach 0
BOTTOM OF THE 1ST
Myrtle Beach Mermen batting - Pitching for Helena Grizzlies : LHP Adrian Neumann
Pitching: LHP Adrian Neumann
Batting: LHB Juan Villanueva 0-0: Called Strike
0-1: Ground out 4-3 (Groundball, 4M)
Batting: RHB Matt Love 0-0: Ball
1-0: Ball
2-0: SINGLE (Groundball, 15) (infield hit)
Batting: RHB Jorge Baker 0-0: Ball
Pickoff Throw to First - Error! E1
Matt Love to second
1-0: Ball
2-0: Ball
3-0: Foul Ball, location: 2F
3-1: Base on Balls
Batting: RHB Scott Zijm 0-0: Called Strike
0-1: Called Strike
0-2: Ball
1-2: Ball
2-2: Foul Ball, location: 2F
2-2: Foul Ball, location: 2F
2-2: Foul Ball, location: 2F
2-2: 3-RUN HOME RUN (Flyball, 89XD), Distance : 415 ft
Batting: LHB Joe Cashmore 0-0: Foul Ball, location: 2F
0-1: Foul Ball, location: 2F
0-2: Ball
1-2: Foul Ball, location: 2F
1-2: Fly out, F8 (Flyball, 8RXD)
Batting: RHB Javier Robles 0-0: Ball
1-0: Ball
2-0: Foul Ball, location: 2F
2-1: Fly out, F9 (Flyball, 89M)
Bottom of the 1st over - 3 run(s), 2 hit(s), 1 error(s), 0 left on base; Helena 0 - Myrtle Beach 3
TOP OF THE 2ND
Helena Grizzlies batting - Pitching for Myrtle Beach Mermen : RHP Manuel Carrión
Batting: RHB Gonzalo Sánchez 0-0: Ball
1-0: SINGLE (Line Drive, 9S)
Batting: RHB Octávio Zúńiga 0-0: Ball
1-0: Ball
2-0: 2-RUN HOME RUN (Line Drive, 7D), Distance : 359 ft
Batting: RHB Dave Stockman 0-0: Called Strike
0-1: Ground out 6-3 (Groundball, 6M)
Batting: LHB Eugene Henson 0-0: Called Strike
0-1: Foul Ball, location: 2F
0-2: Ball
1-2: Ground out 6-3 (Groundball, 6M)
Batting: LHB Andrew Palmer 0-0: Ball
1-0: Ball
2-0: Foul Ball, location: 2F
2-1: Fly out, F5 (Popup, 56)
Top of the 2nd over - 2 run(s), 2 hit(s), 0 error(s), 0 left on base; Helena 2 - Myrtle Beach 3
BOTTOM OF THE 2ND
Myrtle Beach Mermen batting - Pitching for Helena Grizzlies : LHP Adrian Neumann
Batting: RHB José Caballero 0-0: SINGLE (Groundball, 6MD)
Batting: RHB Jimmy Dawson 0-0: Ball
1-0: Swinging Strike
1-1: Ball
2-1: Ball
3-1: Foul Ball, location: 2F
3-2: Base on Balls
José Caballero to second
Batting: SHB David Vázquez 0-0: Grounds into double play, 6-4-3 (Groundball, 6M)
José Caballero to third
Batting: LHB Juan Villanueva 0-0: Ball
1-0: Fly out, F6 (Popup, 56)
Bottom of the 2nd over - 0 run(s), 1 hit(s), 0 error(s), 1 left on base; Helena 2 - Myrtle Beach 3
TOP OF THE 3RD
Helena Grizzlies batting - Pitching for Myrtle Beach Mermen : RHP Manuel Carrión
Batting: RHB Jorge Arreola 0-0: Ball
1-0: Fly out, F3 (Popup, 3SF)
Batting: LHB Tom Cotton 0-0: Called Strike
0-1: SINGLE (Groundball, 4MD) (infield hit)
Batting: RHB Miguel Rosales 0-0: SINGLE (Line Drive, 4D)
Tom Cotton to second
Runner from 2nd tries for 3rd, SAFE, no throw or cutoff
Batting: LHB Miguel Zúńiga 0-0: Ball
1-0: Ball
2-0: Ball
3-0: Called Strike
3-1: Base on Balls
Miguel Rosales to second
Batting: RHB Gonzalo Sánchez 0-0: Fly out, F9 (Flyball, 89D)
Runner from 3rd tags up, SCORES, no throw
Batting: RHB Octávio Zúńiga 0-0: Called Strike
0-1: Ground out 6-3 (Groundball, 6)
Top of the 3rd over - 1 run(s), 2 hit(s), 0 error(s), 2 left on base; Helena 3 - Myrtle Beach 3
BOTTOM OF THE 3RD
Myrtle Beach Mermen batting - Pitching for Helena Grizzlies : LHP Adrian Neumann
Batting: RHB Matt Love 0-0: Called Strike
0-1: Foul Ball, location: 2F
0-2: Strikes out swinging
Batting: RHB Jorge Baker 0-0: Ball
1-0: Called Strike
1-1: Ball
2-1: Swinging Strike
2-2: Strikes out swinging
Batting: RHB Scott Zijm 0-0: Ball
1-0: Foul Ball, location: 2F
1-1: Called Strike
1-2: SINGLE (Line Drive, 4MD)
Batting: LHB Joe Cashmore 0-0: Called Strike
0-1: Ball
Scott Zijm is caught stealing 2nd base
Bottom of the 3rd over - 0 run(s), 1 hit(s), 0 error(s), 0 left on base; Helena 3 - Myrtle Beach 3
TOP OF THE 4TH
Helena Grizzlies batting - Pitching for Myrtle Beach Mermen : RHP Manuel Carrión
Batting: RHB Dave Stockman 0-0: Ball
1-0: SINGLE (Groundball, 56) (infield hit)
Batting: LHB Eugene Henson 0-0: Called Strike
Dave Stockman steals 2nd base
0-1: Called Strike
0-2: Ball
1-2: Fly out, F5 (Line Drive, 56)
1-2: Fly out, F5 (Line Drive, 56)
Batting: LHB Andrew Palmer 0-0: Called Strike
0-1: Ball
1-1: Foul Ball, location: 2F
1-2: Foul Ball, location: 2F
1-2: Foul Ball, location: 2F
1-2: SINGLE (Line Drive, 9S)
Dave Stockman to third
Runner from 3rd tries for Home, SAFE, no throw or cutoff
Batting: RHB Jorge Arreola 0-0: Ball
1-0: SINGLE (Flyball, 78S)
Andrew Palmer to second
Batting: LHB Tom Cotton 0-0: Ball
1-0: Ball
2-0: Called Strike
2-1: Ball
3-1: Fly out, F6 (Popup, 6D)
Batting: RHB Miguel Rosales 0-0: Swinging Strike
0-1: Ball
1-1: Fly out, F2 (Popup, 2RF)
Top of the 4th over - 1 run(s), 3 hit(s), 0 error(s), 2 left on base; Helena 4 - Myrtle Beach 3
BOTTOM OF THE 4TH
Myrtle Beach Mermen batting - Pitching for Helena Grizzlies : LHP Adrian Neumann
Batting: LHB Joe Cashmore 0-0: Ball
1-0: Ball
2-0: Swinging Strike
2-1: Foul Ball, location: 2F
2-2: Ball
3-2: Base on Balls
Batting: RHB Javier Robles 0-0: Called Strike
0-1: Called Strike
0-2: Ball
1-2: Foul Ball, location: 2F
1-2: Ball
2-2: Foul Ball, location: 2F
2-2: Fly out, F8 (Flyball, 8RM)
Batting: RHB José Caballero 0-0: Foul Ball, location: 2F
0-1: Ball
1-1: Swinging Strike
1-2: Ball
2-2: Fly out, F7 (Flyball, 78M)
Batting: RHB Jimmy Dawson 0-0: SINGLE (Groundball, 56D)
Joe Cashmore to second
Batting: SHB David Vázquez 0-0: Foul Ball, location: 2F
0-1: Fly out, F9 (Flyball, 89M)
Bottom of the 4th over - 0 run(s), 1 hit(s), 0 error(s), 2 left on base; Helena 4 - Myrtle Beach 3
TOP OF THE 5TH
Helena Grizzlies batting - Pitching for Myrtle Beach Mermen : RHP Manuel Carrión
Batting: LHB Miguel Zúńiga 0-0: Called Strike
0-1: Ball
1-1: Swinging Strike
1-2: Foul Ball, location: 2F
1-2: Foul Ball, location: 2F
1-2: Ball
2-2: Foul Ball, location: 2F
2-2: Foul Ball, location: 2F
2-2: Ball
3-2: SINGLE (Line Drive, 6MD)
Batting: RHB Gonzalo Sánchez 0-0: Foul Ball, location: 2F
0-1: Ball
1-1: Foul Ball, location: 2F
1-2: Foul Ball, location: 2F
1-2: Fly out, F3 (Popup, 34S)
Batting: RHB Octávio Zúńiga 0-0: Called Strike
0-1: Foul Ball, location: 2F
0-2: Ball
1-2: Strikes out swinging
Batting: RHB Dave Stockman 0-0: Ball
1-0: Foul Ball, location: 2F
1-1: Ball
2-1: Swinging Strike
2-2: Ball
3-2: Foul Ball, location: 2F
3-2: Foul Ball, location: 2F
3-2: SINGLE (Groundball, 6MD)
Miguel Zúńiga to second
Miguel Zúńiga to third
Batting: LHB Eugene Henson 0-0: Called Strike
0-1: SINGLE (Groundball, 34) (infield hit)
Miguel Zúńiga scores
Dave Stockman to second
Batting: LHB Andrew Palmer 0-0: Ball
1-0: Ball
2-0: Ball
3-0: Base on Balls
Dave Stockman to third
Eugene Henson to second
Batting: RHB Jorge Arreola 0-0: Called Strike
Passed Ball!
Dave Stockman scores
Eugene Henson to third
Andrew Palmer to second
0-1: Ground out 1-3 (Groundball, 15)
Top of the 5th over - 2 run(s), 3 hit(s), 0 error(s), 2 left on base; Helena 6 - Myrtle Beach 3
BOTTOM OF THE 5TH
Myrtle Beach Mermen batting - Pitching for Helena Grizzlies : LHP Adrian Neumann
Batting: LHB Juan Villanueva 0-0: Foul Ball, location: 2F
0-1: DOUBLE (Line Drive, 6D)
Pinch Runner at 2nd Scott Peterson:
Batting: RHB Matt Love 0-0: Foul Ball, location: 2F
0-1: Ball
Wild Pitch!
Scott Peterson to third
1-1: Foul Ball, location: 2F
1-2: Foul Ball, location: 2F
1-2: Strikes out swinging
Batting: RHB Jorge Baker 0-0: Ball
1-0: Ball
2-0: Swinging Strike
2-1: Ball
3-1: Base on Balls
Batting: RHB Scott Zijm 0-0: Foul Ball, location: 2F
0-1: Ball
1-1: Ball
2-1: Ball
3-1: TRIPLE (Line Drive, 9LD)
Scott Peterson scores
Jorge Baker scores
Batting: LHB Joe Cashmore 0-0: Called Strike
0-1: Foul Ball, location: 2F
0-2: Foul Ball, location: 2F
0-2: Ground out 4-3 (Groundball, 4)
Scott Zijm scores
Batting: RHB Javier Robles 0-0: Ball
1-0: Ball
2-0: Foul Ball, location: 2F
2-1: SOLO HOME RUN (Flyball, 89XD), Distance : 412 ft
Batting: RHB José Caballero 0-0: Called Strike
0-1: Ball
1-1: Ball
2-1: Fly out, F8 (Flyball, 8LM)
Bottom of the 5th over - 4 run(s), 3 hit(s), 0 error(s), 0 left on base; Helena 6 - Myrtle Beach 7
TOP OF THE 6TH
Helena Grizzlies batting - Pitching for Myrtle Beach Mermen : RHP Manuel Carrión
Pitching: LHP Jonathon Baker
Now at 2B: Scott Peterson
Batting: LHB Tom Cotton 0-0: Ball
1-0: Fly out, F8 (Flyball, 8LS)
Batting: RHB Miguel Rosales 0-0: Ground out 4-3 (Groundball, 34)
Batting: LHB Miguel Zúńiga 0-0: Called Strike
0-1: Called Strike
0-2: Strikes out swinging
Top of the 6th over - 0 run(s), 0 hit(s), 0 error(s), 0 left on base; Helena 6 - Myrtle Beach 7
BOTTOM OF THE 6TH
Myrtle Beach Mermen batting - Pitching for Helena Grizzlies : LHP Adrian Neumann
Pitching: RHP Scott Lyons
Batting: RHB Jimmy Dawson 0-0: Called Strike
0-1: Ball
1-1: Foul Ball, location: 2F
1-2: Ball
2-2: Ball
3-2: Base on Balls
Batting: SHB David Vázquez 0-0: Sac Bunt - play at first, batter OUT! 1-4
Jimmy Dawson to second
Batting: RHB Scott Peterson 0-0: Called Strike
0-1: Foul Ball, location: 2F
0-2: Fly out, F8 (Popup, 8RS)
Batting: RHB Matt Love 0-0: Swinging Strike
0-1: Ball
1-1: Swinging Strike
1-2: Ball
2-2: Ball
3-2: Base on Balls
Batting: RHB Jorge Baker 0-0: Ball
1-0: Called Strike
1-1: Ball
Wild Pitch!
Jimmy Dawson to third
Matt Love to second
2-1: 3-RUN HOME RUN (Flyball, 78XD), Distance : 391 ft
Pitching: LHP Ignacio Pérez
Batting: RHB Scott Zijm 0-0: Foul Ball, location: 2F
0-1: Ground out 4-3 (Groundball, 4)
Bottom of the 6th over - 3 run(s), 1 hit(s), 0 error(s), 0 left on base; Helena 6 - Myrtle Beach 10
TOP OF THE 7TH
Helena Grizzlies batting - Pitching for Myrtle Beach Mermen : LHP Jonathon Baker
Batting: RHB Gonzalo Sánchez 0-0: Ball
1-0: SINGLE (Groundball, 4M)
Batting: RHB Octávio Zúńiga 0-0: Ball
1-0: Ball
2-0: Called Strike
2-1: Grounds into double play, 6-4-3 (Groundball, 6)
Batting: RHB Dave Stockman 0-0: Ball
1-0: Ground out 6-3 (Groundball, 56)
Top of the 7th over - 0 run(s), 1 hit(s), 0 error(s), 0 left on base; Helena 6 - Myrtle Beach 10
BOTTOM OF THE 7TH
Myrtle Beach Mermen batting - Pitching for Helena Grizzlies : LHP Ignacio Pérez
Batting: LHB Joe Cashmore 0-0: Called Strike
0-1: Ball
1-1: Ball
2-1: Ball
3-1: Swinging Strike
3-2: Base on Balls
Batting: RHB Javier Robles 0-0: Sac Bunt - play at first, batter OUT! 5-3
Joe Cashmore to second
Batting: RHB José Caballero 0-0: Called Strike
0-1: Ball
1-1: Ball
2-1: Foul Ball, location: 2F
2-2: Foul Ball, location: 2F
2-2: Ball
3-2: SINGLE (Flyball, 8LS)
Joe Cashmore to third
Batting: RHB Jimmy Dawson 0-0: Called Strike
0-1: Swinging Strike
0-2: Ball
1-2: Strikes out swinging
Batting: SHB David Vázquez 0-0: Ball
1-0: Fielders Choice at 2nd, U4 (Groundball, 4M)
Bottom of the 7th over - 0 run(s), 1 hit(s), 0 error(s), 2 left on base; Helena 6 - Myrtle Beach 10
TOP OF THE 8TH
Helena Grizzlies batting - Pitching for Myrtle Beach Mermen : LHP Jonathon Baker
Batting: LHB Eugene Henson 0-0: Foul Ball, location: 2F
0-1: Ground out 5-3 (Groundball, 56S)
Batting: LHB Andrew Palmer 0-0: Ball
1-0: Called Strike
1-1: Called Strike
1-2: Strikes out looking
Batting: RHB Jorge Arreola 0-0: Ball
1-0: Foul Ball, location: 2F
1-1: Called Strike
1-2: Foul Ball, location: 2F
1-2: Fly out, F3 (Popup, 3DF)
Top of the 8th over - 0 run(s), 0 hit(s), 0 error(s), 0 left on base; Helena 6 - Myrtle Beach 10
BOTTOM OF THE 8TH
Myrtle Beach Mermen batting - Pitching for Helena Grizzlies : LHP Ignacio Pérez
Batting: RHB Scott Peterson 0-0: Ground out 4-3 (Groundball, 4M)
Batting: RHB Matt Love 0-0: Fly out, F4 (Popup, 4MD)
Batting: RHB Jorge Baker 0-0: Ball
1-0: Swinging Strike
1-1: Ball
2-1: Foul Ball, location: 2F
2-2: Strikes out swinging
Bottom of the 8th over - 0 run(s), 0 hit(s), 0 error(s), 0 left on base; Helena 6 - Myrtle Beach 10
TOP OF THE 9TH
Helena Grizzlies batting - Pitching for Myrtle Beach Mermen : LHP Jonathon Baker
Batting: LHB Tom Cotton 0-0: Ball
1-0: Ball
2-0: Ball
3-0: Base on Balls
Batting: RHB Miguel Rosales 0-0: Grounds into double play, U6-3 (Groundball, 6M)
Batting: LHB Miguel Zúńiga 0-0: Called Strike
0-1: Swinging Strike
0-2: Ball
1-2: Ball
2-2: Ball
3-2: Foul Ball, location: 2F
3-2: Base on Balls
Batting: RHB Gonzalo Sánchez 0-0: Ball
1-0: Ball
2-0: Fly out, F6 (Line Drive, 6)
Top of the 9th over - 0 run(s), 0 hit(s), 0 error(s), 1 left on base; Helena 6 - Myrtle Beach 10
This league is powered by Out of the Park Baseball, the baseball management simulation game for PC, Mac and Linux
Friday, July 8th, 2016 - OOTP Baseball 16.9 Build 39